 Dungeon Crawl Stone Soup version 0.23.1 (webtiles) character file.

Game seed: 17407882492296098262

263192 Toshax the Spry (level 20, -31/158 HPs)
             Began as a Merfolk Gladiator on Mar 9, 2019.
             Was an Elder of Okawaru.
             Killed from afar by a halazid warlock (60 damage)
             ... with a ghostly fireball
             ... in the Desolation of Salt.
             The game lasted 03:29:53 (44700 turns).

Toshax the Spry (Merfolk Gladiator)                Turns: 44700, Time: 03:29:54

Health: -31/158    AC: 28    Str: 24    XL:     20   Next: 1%
Magic:  8/9        EV: 21    Int: 12    God:    Okawaru [****..]
Gold:   1497       SH: 21    Dex: 17    Spells: 14/25 levels left

rFire    + . .     SeeInvis +   a - +7 trident of Dullness {antimagic, +Rage}
rCold    + + .     Gourm    .   s - +0 shield of the Snail {MR+}
rNeg     . . .     Faith    .   w - +8 chain mail "Poej" {+Fly rC+ Regen+}
rPois    +         Spirit   .   L - +0 mask of the Dragon {MR+ Slay+3 SInv}
rElec    .         Reflect  +   u - +2 cloak {MR+}
rCorr    .         Harm     .   e - +1 pair of gloves {Str+3}
MR       ++++.                  h - +1 pair of boots {Fly}
Stlth    ++........             H - +5 amulet of reflection
HPRegen  0.76/turn              r - ring of protection from cold
MPRegen  0.11/turn              c - ring "Lourghus" {rPois rF+ Int+4}

@: about to teleport, heroism, heavily drained
A: change form in water, swift swim, stealthy swim
}: 2/15 runes: decaying, gossamer
a: Heroism, Renounce Religion, Evoke Berserk Rage, Evoke Flight


You were in the Desolation of Salt.
You worshipped Okawaru.
Okawaru was greatly pleased with you.
You were not hungry.

You visited 7 branches of the dungeon, and saw 33 of its levels.
You visited the Abyss 1 time.
You visited 1 bazaar.
You also visited: Gauntlet, Ice Cave and Desolation.

You collected 3366 gold pieces.
You spent 1869 gold pieces at shops.

Inventory:

Hand Weapons
 a - the +7 trident of Dullness (weapon) {antimagic, +Rage}
   (You bought it in a shop on level 2 of the Orcish Mines)

   It reduces the magical energy of the wielder, and disrupts the spells and
   magical abilities of those hit.
   Natural abilities and divine invocations are not affected.
   It lets you go berserk.
 n - a +1 demon trident of flaming
Missiles
 d - 6 throwing nets
 k - 3 poisoned javelins
 q - 13 javelins of penetration (quivered)
 M - 14 javelins of returning
 T - 10 silver javelins
Armour
 e - a +1 pair of gloves of strength (worn)
 h - a +1 pair of boots of flying (worn)
 s - the +0 shield of the Snail (worn) {MR+}
   (You bought it in a shop in a bazaar)

   It affects your resistance to hostile enchantments.
 u - a +2 cloak of magic resistance (worn)
 w - the +8 chain mail "Poej" (worn) {+Fly rC+ Regen+}
   (Okawaru gifted it to you on level 2 of the Spider Nest)

   It protects you from cold.
   It lets you fly.
   It increases your rate of regeneration.
 L - the +0 mask of the Dragon (worn) {MR+ Slay+3 SInv}
   (You found it in a Gauntlet)

   It affects your accuracy and damage with ranged weapons and melee attacks
   (+3).
   It affects your resistance to hostile enchantments.
   It lets you see invisible.
Jewellery
 c - the ring "Lourghus" (right hand) {rPois rF+ Int+4}
   (You found it in the Desolation of Salt)

   [ring of poison resistance]

   It affects your intelligence (+4).
   It protects you from fire.
   It protects you from poison.
 r - a ring of protection from cold (left hand)
 H - a +5 amulet of reflection (around neck)
Wands
 x - a wand of acid (15)
 J - a wand of flame (54)
 O - a wand of digging (7)
 Q - a wand of scattershot (7)
 S - a wand of paralysis (15)
 Z - a wand of polymorph (11)
Scrolls
 i - 9 scrolls of remove curse
 m - 5 scrolls of identify
 p - 4 scrolls of fog
 y - 4 scrolls of enchant weapon
 A - 3 scrolls of magic mapping
 N - 4 scrolls of teleportation
 P - 3 scrolls of amnesia
Potions
 g - 10 potions of curing
 j - 3 potions of haste
 l - 3 potions of lignification
 t - 6 potions of ambrosia
 v - a potion of berserk rage
 z - 2 potions of cancellation
 B - a potion of agility
 C - 3 potions of invisibility
 E - 2 potions of magic
 F - 4 potions of brilliance
 Y - a potion of resistance
Miscellaneous
 o - 2 sacks of spiders
 V - a lamp of fire
 W - a phantom mirror
Comestibles
 b - 2 chunks of flesh
 f - 54 rations


   Skills:
 + Level 13.9(17.0) Fighting
 - Level 16.0(18.9) Polearms
 * Level 10.1(13.3) Throwing
 - Level 8.0(11.3) Armour
 + Level 16.2(19.2) Dodging
 - Level 8.0(11.3) Stealth
 - Level 15.0(18.0) Shields
 - Level 3.0(1.7) Spellcasting
 - Level 8.0(6.5) Hexes
 - Level 6.0(4.5) Summonings
 + Level 4.3(2.9) Necromancy
 + Level 5.7(4.3) Translocations
 - Level 5.0(3.6) Ice Magic
 - Level 12.0(10.3) Invocations
 - Level 8.0(6.5) Evocations


You had 14 spell levels left.
You knew the following spells:

 Your Spells              Type           Power        Failure   Level  Hunger
a - Confusing Touch       Hex            ###...       10%         1    ##.....
b - Apportation           Tloc           ##....       24%         1    ##.....
c - Animate Skeleton      Necr           N/A          38%         1    ##.....
d - Blink                 Tloc           N/A          34%         2    ###....
e - Summon Butterflies    Summ           ##......     22%         1    ##.....
f - Metabolic Englaciati  Hex/Ice        ##........   99%         5    ######.

Your spell library contained the following spells:

 Spells                   Type           Power        Failure   Level  Hunger
 Summon Small Mammal      Summ           ##..         22%         1    ##.....
 Confuse                  Hex            ###.....     28%         3    ####...
 Call Imp                 Summ           ##......     32%         2    ###....
 Summon Guardian Golem    Hex/Summ       ##......     41%         3    ####...
 Call Canine Familiar     Summ           ##......     54%         3    ####...
 Gell's Gravitas          Tloc           ##........   56%         3    ####...
 Recall                   Summ/Tloc      N/A          56%         3    ####...
 Inner Flame              Hex/Fire       #.......     73%         3    ####...
 Flame Tongue             Conj/Fire      #....        80%         1    ##.....
 Shock                    Conj/Air       #...         80%         1    ##.....
 Sting                    Conj/Pois      #...         80%         1    ##.....
 Swiftness                Chrm/Air       #.......     91%         2    ###....
 Throw Flame              Conj/Fire      #.....       91%         2    ###....
 Summon Ice Beast         Ice/Summ       ##......     95%         4    #####..
 Conjure Flame            Conj/Fire      #.......     99%         3    ####...
 Static Discharge         Conj/Air       #.......     99%         3    ####...
 Summon Lightning Spire   Summ/Air       #.......     99%         4    #####..
 Aura of Abjuration       Summ           ##........   99%         5    ######.
 Summon Demon             Summ           ##........   99%         5    ######.
 Summon Forest            Summ/Tloc      ##........   99%         5    ######.
 Summon Mana Viper        Hex/Summ       ##......     99%         5    ######.
 Airstrike                Air            #.........   100%        4    #####..
 Petrify                  Tmut/Erth      #.......     100%        4    #####..
 Sticky Flame             Conj/Fire      #.......     100%        4    #####..
 Bolt of Magma            Conj/Fire/Erth #.........   100%        5    ######.
 Fireball                 Conj/Fire      #.........   100%        5    ######.
 Iskenderun's Battlesphe  Conj/Chrm      #.......     100%        5    ######.
 Lightning Bolt           Conj/Air       #.........   100%        5    ######.
 Venom Bolt               Conj/Pois      #.........   100%        5    ######.
 Yara's Violent Unravell  Hex/Tmut       #.........   100%        5    ######.
 Dispersal                Tloc           ##........   100%        6    #######
 Iron Shot                Conj/Erth      #.........   100%        6    #######
 Shadow Creatures         Summ           N/A          100%        6    #######
 Orb of Destruction       Conj           #.........   100%        7    #######
 Spellforged Servitor     Conj/Summ      #.........   100%        7    #######
 Summon Hydra             Summ           ##........   100%        7    #######


Dungeon Overview and Level Annotations

Branches:
Dungeon (15/15)            Temple (1/1) D:6            Lair (6/6) D:9
  Swamp (4/4) Lair:4       Spider (4/4) Lair:4        Slime (0/5) Lair:6
    Orc (2/2) D:9             Elf (1/3) Orc:2        Vaults (0/5) D:13
 Depths (0/5) D:15

Altars:
Cheibriados
Dithmenos
Elyvilon
Fedhas
Okawaru
Qazlal
Ru
Sif Muna
Vehumet
Xom
The Shining One
Jiyva

Shops:
Orc:1 *   Orc:2 ?*![(

Annotations:
D:6 exclusion: oklob plant
Elf:1 3 runed translucent doors, Qiokh's ghost, veteran MiBe


Message History

You feel strangely unstable.
The halazid warlock casts a spell at you.
The bolt of negative energy hits you!
You feel drained.
* * * LOW HITPOINT WARNING * * *
A guardian serpent comes into view.
The guardian serpent gestures with its tail.
The saltling blinks into view!
The halazid warlock blinks!
You block the saltling's attack.
The halazid warlock touches you but does no damage.
You block the saltling's attack.
The saltling hits you but does no damage.
The halazid warlock casts a spell at the saltling.
The saltling's animating energy erupts into ghostly fire!
The ghostly flame explodes!
The ghostly fireball engulfs the halazid warlock.
The halazid warlock completely resists.
The ghostly fireball engulfs the halazid warlock.
The halazid warlock completely resists.
The ghostly fireball engulfs you!!!
You feel drained.
You die...

.......88###.. ..
§§§§§§...88###.. .
§§§§§§§.##†8#).. .
S##§§.§§§§.pppp#=..
[.### ....§§.....ppp#[..
.=...L
............p.####
..§...##..............
#...#88#............
#...L@..#...........
........L...............
................
################
################
################
################
################


You could see 2 halazid warlocks, a guardian serpent and 2 saltlings.

Vanquished Creatures
  Mara (Spider:4)
  Arachne (Spider:2)
  A tentacled monstrosity (Swamp:4)
  Jorgrun (Spider:2)
  4 thorn hunters
  2 ghost moths
  The ghost of Xenug the Severer, an adept GrFi of the Shining One (Swamp:1)
  7 emperor scorpions
  Louise (Spider:2)
  5 entropy weavers
  The ghost of Tutankhamun the Basher, a journeyman DsBe of Trog (Orc:1)
  2 very ugly things (Swamp:4)
  The ghost of Fymir27 the Cruncher, a journeyman GnWn of Uskayaw (Lair:6)
  A stone giant (Orc:1)
  The ghost of acidapple the Fighter, a journeyman TeTm of Vehumet (Orc:1)
  A deep elf demonologist (Elf:1)
  A minotaur (Gauntlet)
  Snorg (D:12)
  A crystal guardian (Desolation)
  2 green deaths (Swamp:4)
  2 ettins
  A fire dragon (D:13)
  Fannar (Orc:1)
  A yaktaur captain (D:15)
  25 hydras
  A ragged hierophant (Desolation)
  7 servants of whispers (Desolation)
  A great orb of eyes (D:13)
  6 peacekeepers (Desolation)
  Erolcha (D:11)
  2 ghost crabs (Swamp:4)
  2 catoblepae
  5 shambling mangroves
  5 centaur warriors
  4 tengu warriors
  6 two-headed ogres
  4 dancing weapons
  18 alligators
  An ogre mage (D:15)
  Erica (D:8)
  Urug (Orc:2)
  A thrashing horror (Swamp:4)
  3 deep elf knights (Elf:1)
  5 spriggans
  3 unseen horrors
  4 ironbrand convokers (Desolation)
  2 deep elf archers (Elf:1)
  8 swamp dragons
  8 orc knights
  6 orc sorcerers
  13 ugly things
  15 deep elf magi
  7 cyclopes
  24 wolf spiders
  20 orb spiders
  2 worldbinders
  2 oklob plants
  A manticore (D:13)
  A salamander (shapeshifter) (D:13)
  Joseph (D:8)
  4 moths of wrath
  3 elephants (Lair:4)
  5 centaur zombies
  4 black mambas (Lair:3)
  3 guardian serpents
  2 torpor snails
  2 apocalypse crabs (Gauntlet)
  2 ice statues (IceCv)
  A rust devil (Abyss:2)
  31 spiny frogs
  2 gargoyles (Gauntlet)
  A large abomination (Swamp:4)
  3 orange demons (Swamp:4)
  5 centaur skeletons
  A kobold demonologist (D:12)
  5 rime drakes
  5 komodo dragons
  13 demonic crawlers
  9 ice devils (IceCv)
  3 meliai (D:14)
  24 jumping spiders
  A merfolk (D:11)
  3 tengu conjurers
  17 tyrant leeches
  A polar bear (Lair:5)
  38 saltlings (Desolation)
  16 hornets
  A wind drake (shapeshifter) (D:13)
  30 blink frogs
  22 slime creatures
  6 trolls
  16 bog bodies
  8 hippogriffs
  85 redbacks
  2 shadows (Swamp:4)
  6 flying skulls (Abyss:2)
  33 tarantellas
  A spriggan (shapeshifter) (D:13)
  15 basilisks
  A wraith (D:11)
  25 yaks
  2 water elementals (Elf:1)
  Grum (D:8)
  2 wyverns
  A hungry ghost (D:14)
  12 vampire mosquitoes
  A chaos spawn (Abyss:1)
  2 soldier ants
  4 insubstantial wisps (Swamp:3)
  15 swamp worms
  7 water moccasins
  10 wargs
  A small abomination (Abyss:2)
  15 porcupines
  8 swamp drakes
  2 phantoms
  2 ice beasts
  5 sky beasts
  44 orc warriors
  5 black bears
  An eye of draining (D:15)
  2 necrophages (D:9)
  10 wolves
  9 ogres
  10 boggarts
  27 centaurs
  10 crocodiles
  3 big kobolds
  26 bullfrogs
  A gnoll sergeant (D:10)
  2 wyvern zombies
  2 earth elementals (Elf:1)
  10 scorpions
  A wyvern skeleton (D:12)
  A water moccasin skeleton (D:6)
  An oklob sapling (Swamp:3)
  10 killer bees (D:8)
  17 wights
  10 howler monkeys
  2 electric eels
  5 crimson imps
  A quasit (D:8)
  7 hounds
  8 jellies
  23 orc priests
  4 iguanas
  Ijyb (D:3)
  24 orc wizards
  10 worker ants
  A killer bee zombie (D:7)
  A worker ant zombie (D:7)
  7 adders
  5 gnolls (D:10)
  3 shadow imps
  5 white imps (IceCv)
  9 ufetubi (IceCv)
  14 oozes
  3 adder skeletons
  An adder zombie (D:10)
  2 worms (D:2)
  2 dart slugs (D:3)
  6 leopard geckos
  103 orcs
  3 ball pythons (D:3)
  7 giant cockroaches
  11 hobgoblins
  8 jackals
  21 kobolds
  4 quokkas
  6 bats
  9 frilled lizards
  7 goblins
  A jackal zombie (D:7)
  2 leopard gecko zombies (D:6)
  A quokka skeleton (D:6)
  A quokka zombie (D:9)
  8 rats
  A fungus (Lair:6)
  A pillar of salt (Elf:1)
  2 plants (Lair:6)
1344 creatures vanquished.

Vanquished Creatures (collateral kills)
  An imperial myrmidon (Desolation)
  A ragged hierophant (Desolation)
  A saltling (Desolation)
3 creatures vanquished.

Vanquished Creatures (others)
  A reaper (IceCv)
  2 deep elf archers (Elf:1)
  A saltling (Desolation)
  A redback (Spider:4)
  A tarantella (Spider:3)
  2 white imps (IceCv)
  5 ufetubi (IceCv)
  An orc (D:15)
  2 kobolds (D:11)
  A briar patch (Swamp:3)
  47 fungi
  A pillar of salt (Elf:1)
  82 plants
147 creatures vanquished.

Grand Total: 1494 creatures vanquished

Notes
Turn   | Place    | Note
-------+----------+-------------------------------------------
     0 | D:1      | Toshax the Merfolk Gladiator began the quest for the Orb.
     0 | D:1      | Reached XP level 1. HP: 16/16 MP: 1/1
   205 | D:1      | Reached XP level 2. HP: 16/22 MP: 2/2
   729 | D:2      | Reached skill level 1 in Stealth
   765 | D:2      | Reached skill level 5 in Polearms
   765 | D:2      | Reached XP level 3. HP: 28/28 MP: 3/3
   935 | D:2      | Found a faded altar of an unknown god.
   952 | D:2      | Reached XP level 4. HP: 34/34 MP: 4/4
   977 | D:2      | Noticed a water elemental
   979 | D:2      | Found a stormy altar of Qazlal.
  1410 | D:2      | Noticed a fire elemental
  1411 | D:2      | Noticed an earth elemental
  1411 | D:2      | Noticed an air elemental
  1746 | D:3      | Noticed Ijyb
  1761 | D:3      | Killed Ijyb
  1761 | D:3      | Reached XP level 5. HP: 38/41 MP: 5/5
  2195 | D:3      | Noticed a black bear
  2222 | D:3      | Killed a black bear
  2222 | D:3      | Reached skill level 5 in Dodging
  2222 | D:3      | Reached skill level 1 in Shields
  2222 | D:3      | Reached XP level 6. HP: 46/47 MP: 6/6
  3389 | D:4      | Reached XP level 7. HP: 44/53 MP: 7/7
  3697 | D:5      | Entered Level 5 of the Dungeon
  3940 | D:5      | Found a shadowy altar of Dithmenos.
  4728 | D:6      | Reached XP level 8. HP: 61/61 MP: 8/8
  4945 | D:6      | Found a glowing golden altar of the Shining One.
  4995 | D:6      | Reached skill level 1 in Evocations
  4998 | D:6      | Got a dull robe
  5009 | D:6      | Identified the +2 robe "Hero's Friend" {MR++ Int+6 Slay-5}
                  | (You found it on level 6 of the Dungeon)
  5114 | D:6      | Found the +8 whip "Snakebite" {curare, rPois}
  5173 | D:6      | Noticed an oklob plant
  5186 | D:6      | Reached skill level 1 in Armour
  5490 | D:6      | Found a staircase to the Ecumenical Temple.
  5496 | Temple   | Entered the Ecumenical Temple
  5503 | Temple   | Became a worshipper of Warmaster Okawaru
  5567 | D:6      | Reached skill level 5 in Fighting
  5713 | D:7      | Reached skill level 1 in Invocations
  5742 | D:7      | Reached skill level 10 in Polearms
  5742 | D:7      | Reached XP level 9. HP: 58/68 MP: 10/10
  5805 | D:7      | Identified the Reference Book on Flying Poisoning
  6138 | D:8      | You fall through a shaft for 2 floors!
  6138 | D:10     | Entered Level 10 of the Dungeon
  6149 | D:10     | Reached * piety under Okawaru
  6253 | D:10     | Reached ** piety under Okawaru
  6354 | D:9      | Reached XP level 10. HP: 65/76 MP: 12/12
  6464 | D:9      | Found a staircase to the Lair.
  6827 | D:9      | Reached *** piety under Okawaru
  6827 | D:9      | Reached skill level 5 in Shields
  7034 | D:9      | Learned a level 1 spell: Confusing Touch
  7040 | D:9      | Learned a level 5 spell: Metabolic Englaciation
  7265 | D:9      | Found a staircase to the Orcish Mines.
  7671 | D:8      | Noticed Erica
  7678 | D:8      | Killed Erica
  7678 | D:8      | Reached **** piety under Okawaru
  7678 | D:8      | Reached skill level 1 in Spellcasting
  7678 | D:8      | Reached skill level 1 in Hexes
  8028 | D:8      | Noticed Grum
  8038 | D:8      | Killed Grum
  8038 | D:8      | Reached XP level 11. HP: 84/84 MP: 12/14
  8125 | D:8      | Noticed Joseph
  8136 | D:8      | Killed Joseph
  8540 | Lair:1   | Entered Level 1 of the Lair of Beasts
  9550 | Lair:1   | Reached skill level 5 in Evocations
  9585 | Lair:1   | Reached skill level 5 in Invocations
 10216 | Lair:2   | Reached skill level 5 in Stealth
 10232 | Lair:1   | Reached ***** piety under Okawaru
 10655 | Lair:2   | Received a gift from Okawaru
 10935 | Lair:2   | Noticed a five-headed hydra
 10973 | Lair:1   | Reached XP level 12. HP: 40/92 MP: 16/16
 11261 | Lair:1   | Killed a five-headed hydra
 12042 | Lair:3   | HP: 5/138 [spiny frog (10)]
 12045 | Lair:3   | Reached skill level 5 in Throwing
 12132 | Lair:3   | Found a frozen archway.
 12179 | IceCv    | Entered an ice cave
 12432 | IceCv    | Killed a reaper
 13595 | IceCv    | Reached skill level 10 in Dodging
 15529 | Lair:3   | Received a gift from Okawaru
 15729 | Lair:3   | Received a gift from Okawaru
 16751 | Lair:4   | Reached skill level 5 in Hexes
 17285 | Lair:4   | Reached XP level 13. HP: 88/99 MP: 16/18
 17458 | Lair:4   | Received a gift from Okawaru
 17663 | Lair:4   | Found a staircase to the Swamp.
 17787 | Lair:4   | Found a hole to the Spider Nest.
 19064 | Lair:6   | Entered Level 6 of the Lair of Beasts
 19070 | Lair:6   | Found a runed translucent door.
 19070 | Lair:6   | Found a shimmering altar of Xom.
 19070 | Lair:6   | Noticed Fymir27's ghost (journeyman GnWn)
 19080 | Lair:6   | Found a blossoming altar of Fedhas.
 19573 | Lair:6   | Received a gift from Okawaru
 19576 | Lair:6   | Got a pair of translucent gloves {god gift}
 19587 | Lair:6   | Identified the +0 pair of gloves of the Cooper {Int+6}
                  | (Okawaru gifted it to you on level 6 of the Lair of Beasts)
 19612 | Lair:6   | Found a viscous altar of Jiyva.
 19612 | Lair:6   | Found a staircase to the Slime Pits.
 20369 | Lair:6   | HP: 2/101 [eight-headed hydra (5)]
 21100 | Lair:6   | Reached XP level 14. HP: 53/108 MP: 17/20
 21402 | Lair:6   | Reached skill level 15 in Polearms
 22848 | Lair:6   | Killed Fymir27's ghost
 22848 | Lair:6   | Received a gift from Okawaru
 22979 | Orc:1    | Entered Level 1 of the Orcish Mines
 22986 | Orc:1    | Found Meckacen's Assorted Antiques.
 23037 | Orc:1    | Noticed Fannar
 23069 | Orc:1    | Killed Fannar
 23079 | Orc:1    | Bought a scroll of enchant armour for 165 gold pieces
 23159 | Orc:1    | Found a runed translucent gate.
 23159 | Orc:1    | Found a runed translucent gate.
 23162 | Orc:1    | Found a runed translucent gate.
 23168 | Orc:1    | Noticed acidapple's ghost (journeyman TeTm)
 23168 | Orc:1    | Noticed Tutankhamun's ghost (journeyman DsBe)
 23252 | Orc:1    | Reached skill level 10 in Fighting
 23451 | Orc:1    | Killed acidapple's ghost
 23974 | Orc:1    | Killed Tutankhamun's ghost
 23974 | Orc:1    | Reached skill level 5 in Armour
 24065 | Orc:2    | Entered Level 2 of the Orcish Mines
 24065 | Orc:2    | Found Pusuhoid's Antique Weapon Emporium.
 24068 | Orc:2    | Paralysed by an orc sorcerer for 2 turns
 24109 | Orc:2    | Found a staircase to the Elven Halls.
 24110 | Orc:2    | Noticed Urug
 24121 | Orc:2    | Killed Urug
 24121 | Orc:2    | Reached skill level 10 in Invocations
 24208 | Orc:2    | Noticed a stone giant
 24759 | Orc:1    | Killed a stone giant
 24759 | Orc:1    | Reached skill level 10 in Shields
 24870 | Orc:2    | Received a gift from Okawaru
 25335 | Orc:2    | Paralysed by an orc sorcerer for 6 turns
 25342 | Orc:2    | Received a gift from Okawaru
 25606 | Orc:2    | Found Mydi Ewk's General Store.
 25606 | Orc:2    | Found Gass's Distillery.
 25606 | Orc:2    | Found Ocimez's Armour Shop.
 25609 | Orc:2    | Found Gefeext's Magic Scroll Emporium.
 25613 | Orc:2    | Bought a potion of heal wounds for 60 gold pieces
 25613 | Orc:2    | Bought a scroll of teleportation for 36 gold pieces
 25614 | Orc:2    | Bought a potion of curing for 30 gold pieces
 25614 | Orc:2    | Bought a potion of curing for 30 gold pieces
 25614 | Orc:2    | Bought a potion of curing for 30 gold pieces
 25614 | Orc:2    | Bought a potion of haste for 100 gold pieces
 25614 | Orc:2    | Bought a potion of curing for 30 gold pieces
 25614 | Orc:2    | Bought a potion of haste for 100 gold pieces
 25614 | Orc:2    | Bought a potion of curing for 30 gold pieces
 25614 | Orc:2    | Bought a potion of cancellation for 80 gold pieces
 25614 | Orc:2    | Bought a potion of agility for 40 gold pieces
 25614 | Orc:2    | Bought a potion of might for 40 gold pieces
 25614 | Orc:2    | Bought a potion of agility for 40 gold pieces
 25622 | Orc:2    | Bought a scroll of teleportation for 48 gold pieces
 25622 | Orc:2    | Bought a scroll of fear for 56 gold pieces
 25622 | Orc:2    | Bought a scroll of fear for 56 gold pieces
 25622 | Orc:2    | Bought a scroll of fog for 32 gold pieces
 25676 | Orc:2    | Reached XP level 15. HP: 114/116 MP: 22/22
 25868 | Orc:2    | Bought an ancient trident for 238 gold pieces
 25869 | Orc:2    | Identified the +7 trident of Dullness {antimagic, +Rage}
                  | (You bought it in a shop on level 2 of the Orcish Mines)
 26124 | Orc:2    | Bought a +0 helmet of intelligence for 172 gold pieces
 26750 | D:11     | Received a gift from Okawaru
 26880 | D:11     | Noticed Erolcha
 26885 | D:11     | Cast into level 1 of the Abyss (Erolcha)
 27107 | Abyss:2  | Got a twisted scimitar
 27256 | D:11     | Escaped the Abyss
 27272 | D:11     | Killed Erolcha
 27621 | D:11     | You fall through a shaft!
 28232 | D:12     | Noticed Snorg
 28249 | D:12     | Killed Snorg
 28249 | D:12     | Received a gift from Okawaru
 28844 | D:13     | Received a gift from Okawaru
 28867 | D:13     | Found a gate to the Vaults.
 29004 | D:13     | Found a white marble altar of Elyvilon.
 29200 | D:13     | Found a deep blue altar of Sif Muna.
 29542 | D:13     | Found a gateway to a bazaar.
 30136 | D:14     | Received a gift from Okawaru
 30853 | D:14     | Reached XP level 16. HP: 122/125 MP: 0/24
 31200 | D:15     | Entered Level 15 of the Dungeon
 31345 | D:15     | Found a gate leading to a gauntlet.
 31354 | Gauntlet | Entered a Gauntlet
 31354 | Gauntlet | Found a transporter.
 31360 | Gauntlet | Found a transporter.
 31362 | Gauntlet | Found a transporter.
 31363 | Gauntlet | Found the +0 mask of the Dragon {MR+ Slay+3 SInv}
 31382 | Gauntlet | Found a transporter.
 31386 | Gauntlet | Found a runed translucent door.
 31386 | Gauntlet | Found a runed translucent door.
 31390 | Gauntlet | Found a transporter.
 31393 | Gauntlet | Found a transporter.
 31400 | Gauntlet | Found a transporter.
 31419 | Gauntlet | Found a transporter.
 31429 | Gauntlet | Found a transporter.
 31439 | Gauntlet | Found a transporter.
 31453 | Gauntlet | Found a transporter.
 31455 | Gauntlet | Found a transporter.
 31582 | Gauntlet | Found a transporter.
 31671 | Gauntlet | Identified the +8 halberd of the Demagogue {protect, +Blink
                  | rF++ Int+2}
 31874 | D:15     | Found a sacrificial altar of Ru.
 32169 | D:15     | Found a staircase to the Depths.
 32578 | Swamp:1  | Entered Level 1 of the Swamp
 32697 | Swamp:1  | Received a gift from Okawaru
 33031 | Swamp:1  | Reached skill level 1 in Ice Magic
 33074 | Swamp:1  | Found a runed translucent door.
 33075 | Swamp:1  | Found a shimmering altar of Xom.
 33075 | Swamp:1  | Noticed Xenug's ghost (adept GrFi)
 33523 | Swamp:1  | Killed Xenug's ghost
 33758 | Swamp:2  | Reached XP level 17. HP: 106/133 MP: 1/26
 33892 | Swamp:2  | Learned a level 1 spell: Animate Skeleton
 33894 | Swamp:2  | Learned a level 1 spell: Apportation
 34280 | Swamp:3  | Received a gift from Okawaru
 34343 | Swamp:3  | Learned a level 1 spell: Summon Butterflies
 34535 | Swamp:3  | Reached skill level 1 in Translocations
 34555 | Swamp:3  | Reached skill level 1 in Summonings
 34972 | Swamp:3  | Received a gift from Okawaru
 35551 | Swamp:3  | Paralysed by a hornet for 3 turns
 35555 | Swamp:3  | HP: 4/134 [shambling mangrove (4)]
 35986 | Swamp:4  | Entered Level 4 of the Swamp
 36412 | Swamp:4  | Received a gift from Okawaru
 36566 | Swamp:4  | Noticed a tentacled monstrosity
 36581 | Swamp:4  | Killed a tentacled monstrosity
 36588 | Swamp:4  | Got a decaying rune of Zot
 36695 | Swamp:4  | Reached ****** piety under Okawaru
 36734 | Swamp:4  | Reached XP level 18. HP: 109/142 MP: 1/27
 36765 | Swamp:4  | Reached skill level 5 in Ice Magic
 37159 | Bazaar   | Entered a bazaar
 37172 | Bazaar   | Found Zetwocs's Antique Weapon Emporium.
 37183 | Bazaar   | Found Wolidown's Antique Weapon Shoppe.
 37199 | Bazaar   | Found Giatagg's Antique Armour Emporium.
 37210 | Bazaar   | Found Inenawiasi's Antique Armour Shoppe.
 37225 | Bazaar   | Bought a shimmering chain mail for 228 gold pieces
 37225 | Bazaar   | Bought a brightly glowing shield for 228 gold pieces
 37238 | Bazaar   | Identified the +0 shield of the Snail {MR+} (You bought it
                  | in a shop in a bazaar)
 37249 | Bazaar   | Identified the +14 chain mail "Jegidaw" {Int+3} (You bought
                  | it in a shop in a bazaar)
 37428 | Spider:1 | Entered Level 1 of the Spider Nest
 38357 | Spider:2 | Received a gift from Okawaru
 38360 | Spider:2 | Got a transparent chain mail {god gift}
 38395 | Spider:1 | Identified the +8 chain mail "Poej" {+Fly rC+ Regen+}
                  | (Okawaru gifted it to you on level 2 of the Spider Nest)
 38511 | Spider:2 | Noticed Louise
 38533 | Spider:2 | Killed Louise
 38597 | Spider:2 | Reached skill level 15 in Dodging
 38598 | Spider:2 | Noticed Jorgrun
 38611 | Spider:2 | Killed Jorgrun
 39552 | Spider:3 | Noticed Arachne
 39597 | Spider:2 | Killed Arachne
 39892 | Spider:3 | Reached skill level 1 in Necromancy
 40598 | Spider:3 | Found a transporter.
 40676 | Spider:3 | Found a transporter.
 40678 | Spider:3 | Found the +12 Vampire's Tooth {vamp}
 41080 | Spider:3 | Got a clouded silver amulet
 41081 | Spider:3 | Identified the amulet of Ilyedgh {Harm *Drain rF+ rN+ Str+3
                  | Stlth+} (You found it on level 3 of the Spider Nest)
 41091 | Spider:3 | Got a faintly glowing golden ring
 41101 | Spider:3 | Identified the ring of Hasiqod {rPois rC- Str+2 Slay+2
                  | Stlth+} (You found it on level 3 of the Spider Nest)
 41144 | Spider:4 | Entered Level 4 of the Spider Nest
 41198 | Spider:4 | Reached skill level 5 in Summonings
 41547 | Spider:3 | Reached XP level 19. HP: 94/149 MP: 6/28
 41567 | Spider:3 | Received a gift from Okawaru
 41999 | Spider:4 | Received a gift from Okawaru
 42105 | Spider:4 | Noticed Mara
 42138 | Spider:4 | Noticed Toshax's illusion
 42337 | Spider:4 | Noticed Toshax's illusion
 42457 | Spider:4 | Killed Mara
 42457 | Spider:4 | Received a gift from Okawaru
 42457 | Spider:4 | Reached skill level 15 in Shields
 42777 | Spider:4 | Received a gift from Okawaru
 42882 | Spider:4 | Got a gossamer rune of Zot
 43289 | Elf:1    | Entered Level 1 of the Elven Halls
 43328 | Elf:1    | Found a radiant altar of Vehumet.
 43342 | Elf:1    | Received a gift from Okawaru
 43371 | Elf:1    | Reached skill level 5 in Translocations
 43381 | Elf:1    | Found a runed translucent gate.
 43381 | Elf:1    | Found a runed translucent gate.
 43381 | Elf:1    | Found a runed translucent gate.
 43382 | Elf:1    | Noticed Qiokh's ghost (veteran MiBe)
 43480 | Elf:1    | Noticed a Brimstone Fiend
 43597 | Elf:1    | Found a ruined gateway.
 43632 | Desolati | Entered the Desolation of Salt
 43729 | Desolati | Identified the Incunabulum of Dislocated Arcane Weapons
 43734 | Desolati | Learned a level 2 spell: Blink
 43750 | Desolati | Got a scintillating platinum ring
 43751 | Desolati | Identified the ring "Lourghus" {rPois rF+ Int+4} (You found
                  | it in the Desolation of Salt)
 43973 | Desolati | HP: 7/151 [saltling (2)]
 44260 | Desolati | Received a gift from Okawaru
 44394 | Desolati | Reached skill level 10 in Throwing
 44419 | Desolati | Received a gift from Okawaru
 44542 | Desolati | Reached XP level 20. HP: 158/158 MP: 9/29
 44700 | Desolati | Killed from afar by a halazid warlock

Skill      XL: |  1  2  3  4  5  6  7  8  9 10 11 12 13 14 15 16 17 18 19 |
---------------+----------------------------------------------------------+-----
Stealth        | 1 2 3 5 7 8 |  8.0
Polearms       | 5 6 7 8 10 11 12 13 14 15 16 | 16.0
Fighting       | 3 4 5 6 7 8 9 10 11 12 13 | 13.9
Throwing       | 3 4 5 6 7 8 10 | 10.1
Dodging        | 5 6 7 8 9 10 11 12 13 14 15 16 | 16.2
Shields        | 1 2 3 4 5 6 7 9 10 11 13 14 15 | 15.0
Evocations     | 2 3 4 5 6 7 8 |  8.0
Armour         | 1 2 3 4 5 6 7 8 |  8.0
Invocations    | 1 3 4 5 7 9 10 11 12 | 12.0
Spellcasting   | 1 3 |  3.0
Hexes          | 1 3 5 6 7 8 |  8.0
Ice Magic      | 2 4 5 |  5.0
Translocations | 2 4 5 |  5.7
Summonings     | 3 5 6 |  6.0
Necromancy     | 2 4 |  4.3

Action                   |  1- 3 |  4- 6 |  7- 9 | 10-12 | 13-15 | 16-18 | 19-21 || total
-------------------------+-------+-------+-------+-------+-------+-------+-------++-------
Melee: Trident           |    38 |       |       |       |  1270 |  2314 |   895 ||  4517
       Spear             |    39 |   245 |   121 |       |       |       |       ||   405
       Whip              |       |       |   182 |   848 |   634 |       |       ||  1664
       Tailslap          |       |       |       |     1 |     5 |       |       ||     6
       Unarmed           |       |       |       |       |       |    18 |       ||    18
Throw: Stone             |     6 |     5 |    38 |     1 |       |       |       ||    50
       Throwing net      |       |       |     1 |     4 |     3 |     1 |     3 ||    12
       Tomahawk          |       |       |       |    88 |   128 |       |       ||   216
       Javelin           |       |       |       |       |    14 |    59 |    67 ||   140
 Cast: Confusing Touch   |       |       |       |       |     5 |       |       ||     5
Invok: Heroism           |       |       |     1 |    45 |    85 |    44 |    21 ||   196
       Finesse           |       |       |       |     1 |     3 |    16 |    11 ||    31
 Abil: Evoke Berserk Rag |       |       |       |       |     3 |     1 |     1 ||     5
       Stop Flying       |       |       |       |       |       |       |     1 ||     1
Evoke: Wand              |       |       |     2 |     7 |    29 |     4 |     4 ||    46
       Lamp of fire      |       |       |       |     1 |     3 |     3 |     3 ||    10
       Sack of spiders   |       |       |       |       |     9 |       |     1 ||    10
       Box of beasts     |       |       |       |       |       |     2 |     2 ||     4
  Use: Potion            |       |     1 |       |     8 |    11 |     7 |     6 ||    33
       Scroll            |       |       |     9 |    24 |    13 |    12 |    14 ||    72
 Stab: Sleeping          |     3 |       |     2 |     2 |     8 |       |       ||    15
       Held in net/web   |       |       |     2 |     3 |       |       |     2 ||     7
       Distracted        |       |       |       |     2 |       |     2 |     4 ||     8
       Confused          |       |       |       |       |     1 |     4 |       ||     5
       Paralysed         |       |       |       |       |     6 |       |       ||     6
       Invisible         |       |       |       |       |     5 |       |       ||     5
  Eat: Chunk             |       |     8 |    10 |    40 |    33 |    21 |     8 ||   120
       Ration            |       |       |       |     1 |     2 |     5 |     1 ||     9
Armor: Leather armour    |    14 |       |       |       |       |       |       ||    14
       Scale mail        |     3 |    50 |    74 |   242 |   396 |     3 |       ||   768
       Skin              |       |       |       |    13 |       |       |       ||    13
       Chain mail        |       |       |       |       |       |   491 |   155 ||   646
Dodge: Dodged            |    38 |    97 |   109 |   399 |   821 |   803 |   304 ||  2571
Block: Shield            |       |       |    69 |   381 |   991 |  1638 |   576 ||  3655
       Reflection        |       |       |       |       |       |    26 |    18 ||    44
